Map: King Sejong Station LE

Players

Clem

  • Race: Terran Terran
  • League: Grandmaster

SortOf - Winner!

  • Race: Zerg Zerg
  • League: Grandmaster

VOD

Have the link to the VOD?

Description

Time

  • Played on: Oct. 30, 2016, 6:14 a.m.
  • Length: 10:23
Show
View Real Time Build Order
Export as new Build Order

Clem Terran 

Build Orders: Reaper Expand, MMM Bio 

Get SALT Encoding   

  12  0:00  SCV  
  13  0:12  SCV  
  14  0:17  Supply Depot  
  14  0:25  SCV  
  15  0:39  SCV  
  15  0:40  Barracks  
  16  0:44  Refinery  
  16  0:51  SCV  
  17  1:03  SCV  
  18  1:15  SCV  
  19  1:26  Reaper  
  19  1:27  Orbital Command  
  20  1:39  Command Center, Unknown  
  20  1:50  Barracks  
  20  1:54  SCV  
  21  1:59  Barracks Reactor  
  21  2:06  SCV  
  21  2:07  Supply Depot  
  22  2:10  Refinery  
  22  2:18  SCV  
  23  2:24  Factory  
  23  2:32  SCV  
  23  2:35  Marine x2  
  26  2:44  SCV  
  26  2:48  Barracks Tech Lab  
  26  2:51  Unknown  
  27  2:52  Orbital Command  
  27  2:53  Marine x2  
  29  3:00  SCV  
  30  3:07  Stimpack  
  30  3:08  Marine  
  31  3:13  SCV  
  31  3:17  Starport  
  32  3:20  Marine x2  
  32  3:25  SCV  
  32  3:26  SCV  
  36  3:27  Factory Reactor  
  36  3:30  Marine  
  37  3:35  Supply Depot  
  37  3:38  SCV  
  37  3:40  SCV  
  39  3:41  Marine  
  39  3:42  Marine  
  39  3:45  Supply Depot  
  39  3:48  Marine  
  41  3:51  SCV  
  41  3:52  SCV  
  44  4:01  Marine x2  
  46  4:03  SCV  
  46  4:04  SCV  
  46  4:06  Marine  
  46  4:08  Medivac x2  
  53  4:11  Widow Mine  
  53  4:14  Supply Depot  
  53  4:16  SCV  
  56  4:20  SCV  
  56  4:24  Engineering Bay  
  57  4:26  Supply Depot  
  57  4:27  Marine  
  57  4:28  SCV  
  57  4:30  Marine  
  60  4:32  Marine  
  60  4:33  SCV  
  62  4:40  SCV, Refinery  
  63  4:47  SCV, Factory Reactor  
  63  4:51  Marine x2  
  63  4:52  SCV  
  67  4:54  Refinery  
  67  4:55  Supply Depot  
  67  4:58  Starport Reactor  
  67  5:02  SCV  
  67  5:04  SCV, Command Center, Unknown  
  68  5:09  Refinery  
  68  5:12  Terran Infantry Weapons Level 1  
  68  5:14  Marine x2  
  68  5:15  Engineering Bay  
  68  5:16  Marine  
  71  5:22  SCV x2  
  71  5:24  Supply Depot  
  73  5:32  Marine  
  73  5:34  SCV  
  70  5:40  SCV, Barracks  
  70  5:46  SCV  
  70  5:48  Barracks  
  70  5:52  SCV  
  70  5:57  Terran Infantry Armor Level 1  
  70  5:58  SCV, Marine  
  70  5:59  Combat Shields, Marine  
  73  6:04  SCV  
  73  6:09  Barracks  
  73  6:10  SCV  
  75  6:13  Marine  
  75  6:16  SCV, Unknown, Marine  
  76  6:22  SCV, Orbital Command  
  76  6:24  Widow Mine x2  
  80  6:28  SCV  
  80  6:31  Marine  
  80  6:32  Marine x3  
  85  6:34  SCV, Marine  
  87  6:40  SCV, Supply Depot  
  87  6:42  Armory  
  87  6:44  Supply Depot  
  87  6:46  SCV, Barracks Reactor  
  89  6:49  Marine x2  
  89  6:53  SCV  
  86  6:55  Marine x2  
  86  6:57  Barracks Reactor, Marine  
  86  6:59  SCV, Widow Mine x2  
  94  7:05  Supply Depot  
  94  7:07  SCV, Marine  
  95  7:11  SCV  
  95  7:14  Medivac x2  
  95  7:19  Supply Depot  
  95  7:21  SCV, Supply Depot  
  96  7:23  SCV  
  96  7:27  Widow Mine x2  
  96  7:29  Supply Depot, Marine x4, Orbital Command  
  104  7:30  Marine x2  
  104  7:33  SCV  
  104  7:35  Marine x2  
  104  7:36  Marauder  
  112  7:39  Terran Infantry Weapons Level 2  
  112  7:43  SCV  
  113  7:45  SCV  
  113  7:49  Medivac x2  
  113  7:50  Marine x2  
  120  7:55  SCV  
  120  7:56  Marine x2  
  120  7:57  Marine  
  124  7:59  Marauder, Marine x2  
  128  8:08  Widow Mine x2  
  128  8:09  Marine  
  133  8:15  Marine x4  
  137  8:21  Marauder, Barracks x2  
  137  8:30  Marine x3  
  137  8:33  Medivac x2  
  131  8:35  Marine  
  131  8:36  Widow Mine x2  
  130  8:42  Marauder, Marine x4  
  130  8:46  Supply Depot  
  130  8:48  Marine x3  
  136  8:50  Supply Depot, Bunker  
  136  8:51  Refinery  
  136  8:52  Refinery  
  136  8:53  Marine  
  140  8:59  Marine  
  140  9:01  Marine  
  142  9:03  Marauder, Marine  
  142  9:07  Liberator x2  
  145  9:11  Supply Depot  
  145  9:13  Supply Depot  
  145  9:14  Supply Depot  
  145  9:15  Marine x3  
  148  9:21  Widow Mine x2  
  152  9:25  Marauder  
  152  9:26  Starport  
  152  9:28  Marine  
  152  9:29  Marine x2  
  152  9:30  Marine x4  
  167  9:33  Supply Depot  
  167  9:36  Supply Depot  
  166  9:39  Marine x3  
  159  9:46  Marauder, Marine x2  
  159  9:47  Marine  
  146  9:58  Marine x2  
  115  10:05  Marine  
Show
View Real Time Build Order
Export as new Build Order

SortOf Zerg - Winner!

Build Orders: Hatch First 

Get SALT Encoding   

  12  0:00  Drone  
  13  0:12  Overlord  
  13  0:16  Drone  
  14  0:31  Drone x2  
  16  0:39  Drone  
  17  0:53  Drone  
  17  0:55  Unknown, Hatchery  
  17  1:06  Extractor  
  17  1:07  Drone  
  17  1:14  Spawning Pool  
  17  1:16  Drone  
  17  1:21  Drone  
  18  1:28  Drone  
  19  1:39  Drone  
  20  1:49  Drone  
  21  1:59  Overlord  
  21  2:06  Queen, Unknown  
  21  2:07  Queen  
  25  2:09  Metabolic Boost  
  25  2:10  Zergling x2  
  25  2:12  Zergling x2  
  27  2:20  Zergling x2  
  28  2:24  Drone  
  29  2:30  Drone  
  29  2:40  Overlord  
  29  2:42  Queen, Drone  
  32  2:45  Pneumatized Carapace  
  32  2:49  Zergling x2  
  32  2:50  Overlord  
  33  2:55  Drone  
  34  3:04  Drone  
  35  3:06  Drone  
  36  3:13  Drone  
  36  3:17  Drone x3  
  40  3:20  Overlord  
  40  3:26  Zergling x2  
  41  3:28  Drone  
  41  3:29  Drone x3  
  45  3:44  Unknown, Hatchery  
  44  3:48  Queen  
  44  3:55  Drone x2  
  48  3:56  Drone  
  48  3:58  Drone  
  50  4:05  Zergling x6  
  50  4:06  Evolution Chamber  
  50  4:07  Queen  
  50  4:08  Evolution Chamber  
  53  4:13  Overlord  
  53  4:19  Baneling Nest  
  53  4:24  Zergling x10  
  57  4:31  Queen  
  57  4:35  Zerg Ground Armor Level 1  
  59  4:44  Queen  
  61  4:46  Zergling x4  
  61  4:47  Zergling x6  
  61  4:52  Zerg Melee Weapons Level 1, Drone  
  67  4:56  Unknown  
  67  4:58  Drone  
  68  5:05  Drone x3  
  71  5:07  Overlord x2  
  71  5:14  Zergling x4  
  73  5:16  Extractor  
  73  5:20  Queen  
  73  5:33  Zergling x2  
  73  5:34  Drone, Zergling x2  
  73  5:35  Drone x3  
  77  5:39  Spore Crawler, Drone  
  77  5:40  Drone  
  77  5:42  Extractor  
  77  5:44  Lair, Drone x2  
  77  5:45  Drone  
  80  5:54  Drone x3  
  82  5:57  Drone x2  
  82  5:58  Drone x2  
  82  5:59  Extractor, Zergling x6  
  82  6:01  Baneling x4  
  85  6:21  Drone  
  85  6:22  Unknown, Hatchery  
  85  6:25  Zergling x8  
  89  6:28  Overlord x2  
  89  6:32  Unknown, Hatchery  
  88  6:34  Overlord  
  88  6:40  Overlord  
  86  6:55  Drone x7  
  86  6:56  Drone  
  86  6:59  Overlord  
  86  7:01  Zerg Ground Armor Level 2, Zerg Melee Weapons Level 2  
  93  7:04  Centrifical Hooks  
  93  7:11  Zergling x2  
  93  7:12  Zergling x12  
  93  7:14  Overlord  
  100  7:18  Overlord  
  100  7:19  Drone  
  100  7:20  Drone x2  
  103  7:24  Overseer  
  103  7:25  Baneling x6  
  103  7:28  Drone x2  
  103  7:29  Drone  
  106  7:33  Unknown  
  106  7:38  Drone x7  
  106  7:43  Queen, Unknown  
  115  7:46  Infestation Pit, Baneling x4  
  114  7:51  Zergling x8  
  114  7:57  Zergling x10  
  123  8:05  Overlord  
  123  8:07  Zergling x2  
  123  8:08  Zergling x14  
  123  8:10  Baneling x6  
  131  8:15  Zergling x8  
  135  8:21  Baneling x3  
  127  8:35  Zergling x32  
  136  8:44  Hive  
  136  8:47  Zergling x12  
  142  8:52  Overlord  
  142  9:00  Baneling x8  
  142  9:02  Extractor  
  141  9:04  Zergling x16  
  149  9:13  Baneling x18  
  149  9:15  Spore Crawler, Overlord  
  149  9:16  Zergling x22  
  159  9:23  Zergling x12  
  165  9:27  Spore Crawler  
  165  9:29  Spore Crawler  
  163  9:33  Baneling x10  
  155  9:46  Zergling x26  
  155  9:48  Zergling x4  
  155  9:49  Zergling x2  
  155  9:50  Zergling x2  
  161  9:53  Zergling x12  
  161  9:54  Zergling x2  
  159  10:03  Drone x2  
  154  10:13  Ultralisk Cavern  
Tags
 
Add a new tag
Caveats
  • Supply blocks, unpowered buildings, or Contaminate may cause inaccurate times.
  • Supply counts are checked every 10 seconds.